 Dungeon Crawl Stone Soup version 0.25-a0-410-g53dbb631d1 (webtiles) character file.

Game seed: 15762508706948196091, levelgen mode: deterministic

653 Napalmbreeze the Skirmisher (level 7, 0/56 HPs)
             Began as a Demonspawn Chaos Knight on Jan 13, 2020.
             Was a Plaything of Xom.
             Slain by a phantom (9 damage)
             ... on level 3 of the Dungeon.
             The game lasted 00:07:45 (3797 turns).

Napalmbreeze the Skirmisher (DsCK)                  Turns: 3797, Time: 00:07:46

Health: 0/56       AC:  6    Str: 10    XL:     7   Next: 28%
Magic:  16/16      EV: 13    Int: 15    God:    Xom [..*...]
Gold:   221        SH:  0    Dex: 13    Spells: 6/6 levels left

rFire    . . .     SeeInvis .   a - +0 hand axe (chaos)
rCold    + . .     Gourm    .   (no shield)
rNeg     + . .     Faith    .   r - +2 leather armour {rN+}
rPois    .         Spirit   .   (helmet restricted)
rElec    .         Reflect  .   (no cloak)
rCorr    .         Harm     .   (no gloves)
MR       +....                  (no boots)
Stlth    ++........             d - amulet of rage
HPRegen  0.18/turn              k - ring of stealth
MPRegen  0.15/turn              p - ring of magical power

@: no status effects
A: hooves 1, horns 1, icy blue scales 1, blurry vision 1, clever 1, cold
resistance 1, deformed body, magic resistance 1, weak 2, MP-powered wands
a: Renounce Religion, Evoke Berserk Rage


You were on level 3 of the Dungeon.
You worshipped Xom.
You were a toy of Xom.
You were hungry.

You visited 1 branch of the dungeon, and saw 4 of its levels.

You collected 221 gold pieces.

Inventory:

Hand Weapons
 a - a +0 hand axe of chaos (weapon)
 q - a +3 dagger of venom
 u - a +0 war axe
Armour
 r - a +2 leather armour of positive energy (worn)
Jewellery
 b - an uncursed ring of magical power
 d - an amulet of rage (around neck)
 k - a ring of stealth (left hand)
 p - a ring of magical power (right hand)
 x - a +5 ring of dexterity {unknown}
Wands
 m - a wand of flame (15)
 y - a wand of random effects (18)
Scrolls
 e - a scroll of amnesia {unknown}
 f - a scroll of remove curse {unknown}
 i - 2 scrolls of noise {unknown}
 o - 2 scrolls of identify
 t - a scroll of random uselessness {unknown}
 v - a scroll of blinking {unknown}
 w - a scroll of teleportation
Potions
 h - 2 potions of heal wounds {unknown}
 j - 2 potions of flight {unknown}
 l - 2 potions of cancellation {unknown}
 n - a potion of ambrosia {unknown}
 s - a potion of berserk rage {unknown}
Comestibles
 c - 5 rations


   Skills:
 + Level 5.5 Fighting
 + Level 4.3 Axes
 + Level 3.7 Armour
 + Level 3.3 Dodging


You had 6 spell levels left.
You didn't know any spells.
Your spell library was empty.

Dungeon Overview and Level Annotations

Branches:
Dungeon (4/15)
 Temple: D:4-7

Altars:
Cheibriados
Fedhas


Innate Abilities, Weirdness & Mutations

You have a pair of small horns on your head.
You are partially covered in icy blue scales. (AC +2)
Your flesh is cold resistant. (rC+)
You have large cloven feet.
Scrolls take you a little longer to read.
Your mind is acute. (Int +2)
Armour fits poorly on your strangely shaped body.
You are resistant to hostile enchantments. (MR+)
You are very weak. (Str -4)
You expend magic power (3 MP) to strengthen your wands.


Message History

The phantom is moderately damaged.
The phantom hits you.
* * * LOW HITPOINT WARNING * * *
Unknown command.
Unknown command.
It was a potion of curing.
You feel better. The phantom hits you!
* * * LOW HITPOINT WARNING * * *
You feel better.
Xom's power touches on a nearby monster.
The phantom seems to grow stronger.
The phantom misses you.
You closely miss the phantom. Your kick misses the phantom.
Your headbutt misses the phantom.
The phantom is moderately damaged.
Unknown command.
Unknown command.
You closely miss the phantom.
The phantom is moderately damaged.
The phantom hits you!
You die...
Xom howls with laughter!

#.....######.###....##.#
#.....### #..##.#####.#
#.......# ##.##.# #.#
#.......# #..#.#####.#
#.......# ##.#.#.....#
'.......# #...#######
#.......# ##..#
###.....# #.W# <##.....#
##@# .######## ### ....#
.##.# .##.# .##.# ###.#
###.# ....#


You could see a phantom.

Vanquished Creatures
  Sigmund (D:2)
  A centaur (D:4)
  2 scorpions (D:4)
  Jessica (D:1)
  A worker ant (D:3)
  Robin (D:2)
  6 gnolls
  8 adders
  5 worms
  A dart slug (D:1)
  4 leopard geckos
  8 orcs
  A ball python (D:1)
  8 bats
  4 giant cockroaches
  12 goblins
  12 hobgoblins
  2 quokkas
  6 frilled lizards
  A jackal skeleton (D:4)
  11 kobolds
  7 rats
103 creatures vanquished.

Notes
Turn   | Place    | Note
-------+----------+-------------------------------------------
     0 | D:1      | Napalmbreeze the Demonspawn Chaos Knight began the quest
                  | for the Orb.
     0 | D:1      | Reached XP level 1. HP: 18/18 MP: 1/1
    56 | D:1      | XOM: silly message
    60 | D:1      | Reached skill level 1 in Dodging
   163 | D:1      | Gained mutation: You have a pair of small horns on your
                  | head. [demonic ancestry]
   163 | D:1      | Reached XP level 2. HP: 24/24 MP: 2/2
   313 | D:1      | XOM: harmless Pois miscast
   463 | D:1      | XOM: divination: detect creatures
   609 | D:1      | XOM: mild Erth miscast
   633 | D:1      | Gained mutation: Your flesh is cold resistant. (rC+)
                  | [demonic ancestry]
   633 | D:1      | Reached XP level 3. HP: 27/29 MP: 3/3
   896 | D:2      | Noticed Jessica
   963 | D:2      | XOM: 1-stop teleportation journey
  1085 | D:2      | Found a snail-covered altar of Cheibriados.
  1274 | D:1      | XOM: enchant monster (bad)
  1278 | D:1      | XOM: mild Tloc miscast
  1279 | D:1      | Noticed a spatial vortex
  1279 | D:1      | Killed Jessica
  1279 | D:1      | Reached skill level 4 in Fighting
  1279 | D:1      | Reached XP level 4. HP: 32/37 MP: 4/4
  1323 | D:2      | XOM: harmless Fire miscast
  1342 | D:2      | Noticed Sigmund
  1350 | D:2      | XOM: mild Hex miscast
  1354 | D:2      | XOM: give mutation
  1354 | D:2      | Gained mutation: Scrolls take you a little longer to read.
                  | [Xom's mischief]
  1492 | D:1      | XOM: medium Pois miscast
  1817 | D:2      | XOM: swap monsters
  1822 | D:2      | XOM: god gift: 67 gold pieces
  1826 | D:2      | XOM: cleaving
  1827 | D:2      | Killed Sigmund
  1827 | D:2      | Reached XP level 5. HP: 43/43 MP: 5/5
  1856 | D:2      | Reached XP level 6. HP: 46/50 MP: 6/6
  1981 | D:2      | Noticed Robin
  1998 | D:2      | Killed Robin
  1998 | D:2      | Reached skill level 5 in Fighting
  2152 | D:2      | XOM: summons 3 hostile demons
  2367 | D:3      | XOM: harmless Chrm miscast
  2987 | D:3      | XOM: give mutations
  2987 | D:3      | Gained mutation: You are weak. (Str -2) [Xom's mischief]
  2987 | D:3      | Gained mutation: You have large cloven feet. [Xom's
                  | mischief]
  2987 | D:3      | Gained mutation: You expend magic power (3 MP) to
                  | strengthen your wands. [Xom's mischief]
  2987 | D:3      | Gained mutation: Armour fits poorly on your strangely
                  | shaped body. [Xom's mischief]
  3359 | D:3      | XOM: give mutations
  3359 | D:3      | Gained mutation: You are resistant to hostile enchantments.
                  | (MR+) [Xom's mischief]
  3359 | D:3      | Gained mutation: Your mind is acute. (Int +2) [Xom's
                  | mischief]
  3359 | D:3      | Gained mutation: You are very weak. (Str -4) [Xom's
                  | mischief]
  3556 | D:4      | Gained mutation: You are partially covered in icy blue
                  | scales. (AC +2) [demonic ancestry]
  3556 | D:4      | Reached XP level 7. HP: 35/56 MP: 7/7
  3586 | D:3      | XOM: silly message
  3674 | D:4      | XOM: god gift: scroll labeled OGATAX MAETZ {god gift}
  3748 | D:4      | Found a blossoming altar of Fedhas.
  3782 | D:3      | XOM: cast spell 'Olgreb's Toxic Radiance'
  3795 | D:3      | XOM: enchant monster (bad)
  3797 | D:3      | Slain by a phantom

Levels and vault maps discovered:
D:1:      eino_arrival_cavern_b, layout_loops_ring, hangedman_decor_push,
          minivault_26
D:2:      layout_rooms, cheibriados_altar_1, uniq_robin, uniq_jessica,
          uniq_sigmund
D:3:      layout_basic
D:4:      layout_rooms, minivault_27, fedhas_bush_and_centaur_altar

Skill      XL: |  1  2  3  4  5  6 |
---------------+-------------------+-----
Dodging        | 1 2 3 |  3.3
Armour         | 2 3 |  3.7
Axes           | 3 4 |  4.3
Fighting       | 4 5 |  5.5

Action                   |  1- 3 |  4- 6 |  7- 9 || total
-------------------------+-------+-------+-------++-------
Melee: Hand axe          |   103 |   160 |    29 ||   292
       Headbutt          |    12 |    28 |     3 ||    43
       Kick              |       |     8 |     5 ||    13
 Abil: Evoke Berserk Rag |       |     2 |       ||     2
  Use: Potion            |       |       |     2 ||     2
       Scroll            |       |       |     1 ||     1
 Stab: Paralysed         |       |     1 |     2 ||     3
       Distracted        |       |     1 |       ||     1
       Sleeping          |       |     1 |       ||     1
  Eat: Chunk             |     1 |    10 |       ||    11
Armor: Leather armour    |    32 |    52 |     5 ||    89
Dodge: Dodged            |    65 |   123 |    14 ||   202

Table legend:
 A = Non-vault XP
 B = Vault XP
 C = Vault XP percentage of total XP
 D = Non-vault monster count
 E = Vault monster count
 F = Vault count percentage of total count
                 A         B        C        D         E       F
            +---------+---------+-------+---------+---------+-------
      Total |     522 |     411 |  44.1 |      88 |      15 |  14.6
            +---------+---------+-------+---------+---------+-------
        D:1 |      76 |      37 |  32.7 |      31 |       1 |   3.1
        D:2 |      73 |     264 |  78.3 |      17 |      13 |  43.3
        D:3 |     203 |       0 |   0.0 |      35 |       0 |   0.0
        D:4 |     170 |     110 |  39.3 |       5 |       1 |  16.7
            +---------+---------+-------+---------+---------+-------
